 Dungeon Crawl Stone Soup version 0.31-a0-161-gb58dd9be76 (webtiles) character file.

Game seed: 304689902916473647

36 qw the Shooter (level 3, -3/32 HPs)
             Began as a Naga Hunter on June 12, 2023.
             Slain by a gnoll
             ... wielding a +0 whip
              (4 damage)
             ... on level 1 of the Dungeon.
             The game lasted 00:00:20 (1034 turns).

qw the Shooter (Naga Hunter)                        Turns: 1034, Time: 00:00:20

Health: -3/32      AC:  2    Str: 13    XL:     3   Next: 37%
Magic:  3/3        EV:  9    Int:  9    God:
Gold:   55         SH:  0    Dex: 16    Spells: 2/2 levels left

rFire   + . .        Y - +0 shortbow
rCold   . . .        (shield currently unavailable)
rNeg    . . .        c - +0 leather armour
rPois   +            (no helmet)
rElec   .            (no cloak)
rCorr   .            (no gloves)
SInv    +            (no barding)
Will    .....        (no amulet)
Stlth   ++           e - ring of protection from fire
HPRegen 0.25/turn    (no ring)
MPRegen 0.08/turn

%: no passive effects
@: about to teleport, short of breath, very slow
A: AC +1, large, see invisible, deformed body, poison resistance, slowness 2,
spit poison 1, naga tail 1
a: Spit Poison


You were on level 1 of the Dungeon.
You visited 1 branch of the dungeon, and saw 2 of its levels.

You collected 55 gold pieces.


Innate Abilities, Weirdness & Mutations

Your serpentine skin is tough. (AC +1)
You have supernaturally acute eyesight. (SInv)
Armour fits poorly on your strangely shaped body.
Your system is resistant to poisons. (rPois)
You cover ground very slowly.
You can spit poison.
You have a snake-like lower body.


   Skills:
 - Level 2.0 Fighting
 + Level 4.6 Ranged Weapons
 - Level 1.5 Dodging
 - Level 1.5 Stealth


You had 2 spell levels left.
You didn't know any spells.
Your spell library was empty.

Inventory:

Hand Weapons
 Y - a +0 shortbow (weapon)
Armour
 c - a +0 leather armour (worn)
Jewellery
 e - a ring of protection from fire (left hand)
Potions
 h - a potion of degeneration {unknown}
 i - a potion of enlightenment {unknown}

Dungeon Overview and Level Annotations

Branches:
Dungeon (2/15)

Altars:


Message History

The bat hits you but does no damage. The bat barely misses you.
The jackal bites you but does no damage.
The gnoll closely misses you.
The gnoll hits you from afar with a +0 spear.
The gnoll barely misses you.
The jackal bites you but does no damage.
You climb upwards.
There is a stone staircase leading down here.
You shoot an arrow. The arrow hits the gnoll.
The gnoll is almost dead.
The bat hits you but does no damage.
The jackal bites you but does no damage.
The jackal misses you. The gnoll barely misses you.
The gnoll hits you with a +0 club. The jackal barely misses you.
The jackal bites you but does no damage.
You shoot an arrow. The arrow hits the gnoll.
You kill the gnoll!
You have got your breath back.
The bat closely misses you. The gnoll barely misses you.
The jackal closely misses you. The jackal barely misses you.
1032 ||| INVOKING Spit Poison.
Aiming: Spit Poison (2% risk of failure)
Press: ? - help, Shift-Dir - straight line, f - gnoll The splash of poison hits the gnoll.
The gnoll is moderately wounded.
The jackal closely misses you. The jackal bites you.
The gnoll hits you with a +0 whip. The bat barely misses you.
The jackal bites you but does no damage.
The jackal barely misses you.
You shoot an arrow. The arrow hits the gnoll!
The gnoll is almost dead.
The bat hits you but does no damage. The gnoll barely misses you.
The jackal barely misses you. x2; The gnoll hits you with a +0 whip!
The jackal bites you.
1034 ||| READING scroll of teleportation.
As you read the scroll of teleportation, it crumbles to dust.
You feel strangely unstable. The bat closely misses you.
The jackal closely misses you. The jackal bites you. x2
The gnoll hits you with a +0 whip.
You die... ~~....~~# #.....### ~..##..~# #.#PPPPP#

..####.~### #####.#P$$$P#
~)####..+?#### #......P$$$P#
¤¤.##..~#....# ###......P$$$P#
¤¤....~~#....# #........PPPPP#
#~¤.~~~##....# #.....[....####
###¤####.....###)g.##############
..............(.@h.'............)
###############h...##############
########### #...b.....# #.....
..........## #.........# #.#...
........P..## #.........# #.#.##
......PP....# #.........# #.#.#
....PP...P..# #.........# #.#.#
.....P.8..P.# #.........# #.#.#
.........PP.# #...##########.#.#


You could see a gnoll, 2 jackals and a bat.

Vanquished Creatures
  A gnoll (D:1)
  A dart slug (D:1)
  3 bats (D:1)
  3 endoplasms (D:1)
  A hobgoblin (D:1)
  2 jackals (D:1)
  2 frilled lizards (D:1)
  2 goblins (D:1)
  7 kobolds (D:1)
  A rat (D:1)
23 creatures vanquished.

Notes
Turn   | Place    | Note
-------+----------+-------------------------------------------
     0 | D:1      | qw the Naga Hunter began the quest for the Orb.
     0 | D:1      | Reached XP level 1. HP: 19/19 MP: 1/1
     0 | D:1      | 0 ||| qw: Version: 0.2-a-29-gc1b59c4
     0 | D:1      | 0 ||| qw: Game counter: 4226
     0 | D:1      | 0 ||| qw: Always use a shield: true
     0 | D:1      | 0 ||| qw: God list: Okawaru
     0 | D:1      | 0 ||| qw: Allow faded altars: false
     0 | D:1      | 0 ||| qw: Do Orc after D:15 true
     0 | D:1      | 0 ||| qw: Do second Lair branch before Depths: true
     0 | D:1      | 0 ||| qw: Lair rune preference: random
     0 | D:1      | 0 ||| qw: Plans: Normal
     0 | D:1      | 0 ||| PLANNING D:1-11
    26 | D:1      | 26 ||| INVOKING Spit Poison.
    46 | D:1      | 46 ||| INVOKING Spit Poison.
    54 | D:1      | 54 ||| INVOKING Spit Poison.
    60 | D:1      | 60 ||| INVOKING Spit Poison.
   118 | D:1      | 118 ||| INVOKING Spit Poison.
   124 | D:1      | 124 ||| INVOKING Spit Poison.
   125 | D:1      | 125 ||| INVOKING Spit Poison.
   128 | D:1      | 128 ||| INVOKING Spit Poison.
   129 | D:1      | Reached skill level 4 in Ranged Weapons
   129 | D:1      | Reached XP level 2. HP: 26/26 MP: 2/2
   324 | D:1      | 324 ||| INVOKING Spit Poison.
   351 | D:1      | 351 ||| INVOKING Spit Poison.
   489 | D:1      | 489 ||| INVOKING Spit Poison.
   502 | D:1      | 502 ||| INVOKING Spit Poison.
   545 | D:1      | 545 ||| INVOKING Spit Poison.
   563 | D:1      | 563 ||| INVOKING Spit Poison.
   755 | D:1      | Reached XP level 3. HP: 32/32 MP: 3/3
   921 | D:1      | 921 ||| UPGRADING to ring of protection from fire.
   922 | D:1      | 922 ||| READING scroll labelled QAGYULAENUH.
   981 | D:1      | 981 ||| READING scroll labelled IRGHAL UGYUBLOK.
   982 | D:1      | 982 ||| READING 2 scrolls labelled GAOPOBILAB.
   985 | D:1      | 985 ||| DROPPING scroll of butterflies.
   996 | D:2      | 996 ||| INVOKING Spit Poison.
  1002 | D:2      | 1002 ||| STAIRDANCE
  1004 | D:1      | 1004 ||| INVOKING Spit Poison.
  1026 | D:2      | 1026 ||| INVOKING Spit Poison.
  1028 | D:2      | 1028 ||| STAIRDANCE
  1032 | D:1      | 1032 ||| INVOKING Spit Poison.
  1033 | D:1      | HP: 5/32 [gnoll/+0 whip (7)]
  1034 | D:1      | 1034 ||| READING scroll of teleportation.
  1034 | D:1      | HP: 2/32 [jackal (2)]
  1034 | D:1      | Slain by a gnoll

Levels and vault maps discovered:
D:1:      tarquinn_simple_flora_water_e, layout_basic,
          dreamdust_mushroom_princess, minivault_27, kennysheep_another_room,
          nicolae_concentric_dashed_squares_wild, grunt_decor_arrowhead,
          minmay_gold_behind_fungi
D:2:      layout_loops_cross, serial_shops, nicolae_square_shop, uniq_robin,
          uniq_terence

Skill      XL: |  1 |
---------------+----+-----
Ranged Weapons | 4 |  4.6
Fighting       | |  2.0
Dodging        | |  1.5
Stealth        | |  1.5

Action                     || total
---------------------------++-------
   Fire: Shortbow          ||    47
Ability: Spit Poison       ||    17
    Use: Scroll            ||     4
 Armour: Leather armour    ||    19
  Dodge: Dodged            ||    45

Table legend:
 A = Non-vault XP
 B = Vault XP
 C = Vault XP percentage of total XP
 D = Non-vault monster count
 E = Vault monster count
 F = Vault count percentage of total count
                 A         B        C        D         E       F
            +---------+---------+-------+---------+---------+-------
      Total |      52 |       0 |   0.0 |      23 |       0 |   0.0
            +---------+---------+-------+---------+---------+-------
        D:1 |      52 |       0 |   0.0 |      23 |       0 |   0.0
            +---------+---------+-------+---------+---------+-------
